 Seeded DCSS version 0.28.0-53-g5a82cb258f (webtiles) character file.

Game seed: 5819556540278030217 (custom seed)

7431 bwicke the Covert (level 11, -7/56 HPs)
             Began as a Kobold Arcane Marksman on Aug 10, 2022.
             Was a High Priest of Okawaru.
             Killed by an exploding centaur zombie (38 damage)
             ... ignited by their inner flame
             ... on level 7 of the Dungeon.
             The game lasted 00:49:35 (11688 turns).

bwicke the Covert (Kobold Arcane Marksman)         Turns: 11688, Time: 00:49:35

Health: -7/56      AC:  9    Str:  3    XL:     11   Next: 37%
Magic:  0/19       EV: 21    Int: 24    God:    Okawaru [*****.]
Gold:   341        SH:  0    Dex: 27    Spells: 5/21 levels left

rFire   . . .      SeeInvis .   a - +2 hand crossbow
rCold   + . .      Faith    .   (no shield)
rNeg    . . .      Spirit   +   O - +1 steam dragon scales
rPois   +          Reflect  .   e - +2 helmet
rElec   .          Harm     .   (no cloak)
rCorr   .          Rampage  .   (no gloves)
Will    .....                   (no boots)
Stlth   ++++++....              m - amulet of guardian spirit
HPRegen 0.18/turn               g - ring "Reugidun" {+Blink Str-4 Int+6 Dex+10 Slay-4}
MPRegen 0.16/turn               z - ring of poison resistance

@: no status effects
A: small, no large weapons, nightstalker 3, cold resistance 1
a: Renounce Religion, Evoke Blink, Heroism, Finesse, Duel


You were on level 7 of the Dungeon.
You worshipped Okawaru.
Okawaru was extremely pleased with you.
You visited 2 branches of the dungeon, and saw 11 of its levels.

You collected 341 gold pieces.

Inventory:

Hand Weapons
 a - a +2 hand crossbow (weapon)
 o - a +0 dagger of venom
 p - a +0 hunting sling
 v - a +2 dagger of draining
 w - a +3 short sword of freezing
 A - a +0 trident
 B - a +2 vampiric war axe
 I - a +0 rapier
 K - a +2 dagger of speed
 N - a +0 shortbow
 R - a +4 trident of freezing
Missiles
 c - 43 bolts (quivered ammo)
 f - 265 stones
 h - 2 curare-tipped darts
 i - 100 arrows
 j - 31 poisoned darts
 k - 48 sling bullets
 l - a throwing net
Armour
 d - a +1 robe
 e - a +2 helmet (worn)
 M - a +0 buckler
 O - +1 steam dragon scales (worn)
Magical Staves
 b - a staff of cold
Jewellery
 g - the ring "Reugidun" (left hand) {+Blink Str-4 Int+6 Dex+10 Slay-4}
   (You acquired it on level 1 of the Dungeon)

   [ring of intelligence]

   Str:       It affects your strength (-4).
   Int:       It affects your intelligence (+6).
   Dex:       It affects your dexterity (+10).
   Slay:      It affects your accuracy & damage with ranged weapons and melee
   (-4).
   +Blink:    It lets you blink.
 m - an amulet of guardian spirit (around neck)
 y - a ring of willpower
 z - a ring of poison resistance (right hand)
Wands
 n - a wand of iceblast (10)
 q - a wand of flame (4)
 s - a wand of polymorph (10)
 x - a wand of mindburst (6)
 Q - a wand of paralysis (2)
Scrolls
 r - 2 scrolls of vulnerability
 C - a scroll of blinking
 J - a scroll of teleportation
 L - a scroll of torment
 P - a scroll of fog
Potions
 t - 3 potions of flight
 u - 3 potions of might
 D - 2 potions of lignification
 E - a potion of berserk rage {unknown}
 F - a potion of degeneration {unknown}
 G - a potion of brilliance {unknown}
 H - 3 potions of curing


   Skills:
 - Level 1.1 Fighting
 - Level 10.0 Short Blades
 - Level 4.1 Crossbows
 - Level 7.1 Dodging
 - Level 10.1 Stealth
 - Level 5.6 Spellcasting
 - Level 6.8 Hexes
 - Level 8.0 Fire Magic
 + Level 0.0 Invocations
 - Level 6.3 Evocations


You had 5 spell levels left.
You knew the following spells:

 Your Spells              Type           Power      Damage    Failure   Level
a - Foxfire               Conj/Fire      100%       2x1d9     1%          1
b - Inner Flame           Hex/Fire       42%        N/A       1%          3
c - Portal Projectile     Hex/Tloc       46%        N/A       6%          3
d - Cause Fear            Hex            19%        N/A       4%          4
e - Conjure Flame         Conj/Fire      26%        6-21      4%          3
f - Ensorcelled Hibernat  Hex/Ice        46%        N/A       3%          2

Your spell library contained the following spells:

 Spells                   Type           Power      Damage    Failure   Level
 Slow                     Hex            100%       N/A       1%          1
 Flame Wave               Conj/Fire      26%        2d7       16%         4
 Anguish                  Hex/Necr       11%        N/A       21%         4
 Spider Form              Tmut/Pois      6%         N/A       26%         3
 Enfeeble                 Hex            19%        N/A       99%         7
 Tukima's Dance           Hex            Unusable   N/A       N/A         3

Dungeon Overview and Level Annotations

Branches:
Dungeon (10/15)            Temple (1/1) D:4
   Lair: D:8-11         Orc: D:9-12

Altars:
Ashenzari
Cheibriados
Dithmenos
Elyvilon
Fedhas
Gozag
Hepliaklqana
Kikubaaqudgha
Makhleb
Nemelex Xobeh
Okawaru
Qazlal
Ru
Sif Muna
Trog
Uskayaw
Vehumet
Wu Jian
Xom
Yredelemnul
Zin
The Shining One


Innate Abilities, Weirdness & Mutations

You are small and have problems with some larger weapons.
You are completely attuned to the shadows.
Your flesh is cold resistant. (rC+)


Message History

The orc warrior hits you with a +0 battleaxe!
The foxfire hits the orc warrior.
Flame seeps out of the orc warrior.
The orc warrior is heavily wounded.
The foxfire hits the orc warrior but does no damage.
The orc warrior is heavily wounded.
The orc warrior is engulfed in blazing flames.
Okawaru accepts your kill.
The orc warrior explodes!
Okay, then.
Unknown command.
Your magical contamination has completely faded away.
A centaur zombie comes into view.
Casting: Foxfire (safe; 1% risk of failure)
Confirm with . or Enter, or press ? or * to list all spells.
Aiming: Inner Flame (safe; 1% risk of failure)
Press: ? - help, Dir - move target, f - centaur zombie
Aim: a centaur zombie (wandering, hasn't noticed you, chance to affect: 95%)
The centaur zombie is filled with an inner flame.
Casting: Inner Flame (safe; 1% risk of failure)
Confirm with . or Enter, or press ? or * to list all spells.
You don't have enough magic to cast this spell.
Your +3 short sword of freezing stops glowing.
a - a +2 hand crossbow (weapon)
You shoot a bolt. The bolt hits the centaur zombie.
Flame seeps out of the centaur zombie.
The centaur zombie is lightly damaged.
The centaur zombie is engulfed in blazing flames.
Flame seeps out of the centaur zombie.
You shoot a bolt. The bolt hits the centaur zombie!
Flame seeps out of the centaur zombie.
The centaur zombie is heavily damaged.
The centaur zombie is engulfed in blazing flames.
Flame seeps out of the centaur zombie.
The centaur zombie barely misses you. The centaur zombie misses you.
The centaur zombie is engulfed in blazing flames.
Okawaru accepts your kill.
The centaur zombie explodes!
The fiery explosion engulfs you!!!
Ouch! That really hurt!
You die...

#.# ####'##### ##......
#........# ....... #........#
# #...... #........# #.
#....... #........# #.####
###....... #........# #....#
#§?.Z...# #........#
#....####.#.....##
####.########.§§@§)..)........
#.............○§####...#...#.
#.#.#########°§§# #####...#
#.#.............# #.......#
#.....######....# #.#######
#.....######.[..# #.#
#...>...........# #.#
###...<########.## #.#
.)).).........#.# #.#


There were no monsters in sight!

Vanquished Creatures
  3 two-headed ogres (D:9)
  A centaur warrior (D:10)
  A komodo dragon (D:8)
  Grinder (D:5)
  Prince Ribbit (D:5)
  A shadow (D:6)
  A wraith (D:9)
  Sigmund (D:5)
  4 steam dragons
  An acid dragon (D:6)
  2 orc warriors
  A water moccasin (D:7)
  2 necrophages (D:5)
  2 ogres (D:6)
  A sky beast (D:6)
  An ice beast (D:8)
  3 centaurs
  A phantom (D:7)
  Blork the orc (D:5)
  A bullfrog (D:8)
  2 kobold brigands
  A scorpion (D:4)
  3 water moccasin zombies
  2 water moccasin skeletons
  3 killer bees (D:8)
  16 wights
  A howler monkey (D:8)
  3 bullfrog zombies
  A human zombie (D:5)
  4 centaur zombies
  5 hounds
  2 orc priests
  A bullfrog skeleton (D:5)
  A centaur skeleton (D:4)
  4 iguanas
  An orc wizard (D:6)
  Ijyb (D:4)
  2 killer bee zombies
  A hound skeleton (D:4)
  A mummy (D:5)
  2 howler monkey zombies
  Robin (D:2)
  3 adders
  A shadow imp (D:7)
  A worm (D:3)
  3 dart slugs
  8 orcs
  7 ball pythons
  5 bats
  3 endoplasms
  3 giant cockroaches
  14 goblins
  4 hobgoblins
  9 jackals
  16 kobolds
  4 quokkas
  5 frilled lizards
  6 rats
180 creatures vanquished.

Vanquished Creatures (others)
  A goblin (D:2)
  245 foxfires
  9 plants (D:8)
255 creatures vanquished.

Grand Total: 435 creatures vanquished

Notes
Turn   | Place    | Note
-------+----------+-------------------------------------------
     0 | D:1      | bwicke the Kobold Arcane Marksman began the quest for the
                  | Orb.
     0 | D:1      | Reached XP level 1. HP: 12/12 MP: 2/2
   203 | D:1      | Reached XP level 2. HP: 10/16 MP: 3/3
   477 | D:1      | Reached XP level 3. HP: 7/20 MP: 4/4
   777 | D:1      | Identified a scroll of acquirement
   777 | D:1      | Acquired the ring "Reugidun" {+Blink Str-4 Int+6 Dex+10
                  | Slay-4}
   987 | D:1      | Reached skill level 1 in Stealth
  1900 | D:1      | Reached XP level 4. HP: 5/25 MP: 5/5
  1909 | D:1      | Learned a level 3 spell: Inner Flame
  2359 | D:2      | Noticed Robin
  2390 | D:2      | Killed Robin
  2876 | D:2      | Found a faded altar of an unknown god.
  3039 | D:2      | Found a snail-covered altar of Cheibriados.
  3075 | D:2      | Reached skill level 1 in Fire Magic
  3271 | D:2      | Reached skill level 5 in Spellcasting
  3271 | D:2      | Reached XP level 5. HP: 29/29 MP: 5/13
  3274 | D:2      | Learned a level 1 spell: Foxfire
  3278 | D:2      | Learned a level 3 spell: Portal Projectile
  3283 | D:2      | Learned a level 4 spell: Cause Fear
  3287 | D:2      | Learned a level 3 spell: Conjure Flame
  3720 | D:3      | Reached XP level 6. HP: 21/34 MP: 14/14
  4347 | D:4      | Learned a level 2 spell: Ensorcelled Hibernation
  4686 | D:4      | Reached XP level 7. HP: 38/38 MP: 15/15
  5142 | D:4      | Noticed Ijyb
  5149 | D:4      | Killed Ijyb
  5214 | D:4      | Found a staircase to the Ecumenical Temple.
  5228 | Temple   | Entered the Ecumenical Temple
  5711 | Temple   | Became a worshipper of Warmaster Okawaru
  5989 | D:5      | Entered Level 5 of the Dungeon
  5989 | D:5      | Noticed Grinder
  6013 | D:5      | Killed Grinder
  6014 | D:5      | Reached skill level 5 in Hexes
  6173 | D:5      | Noticed Sigmund
  6181 | D:5      | Killed Sigmund
  6181 | D:5      | Reached * piety under Okawaru
  6182 | D:5      | Reached XP level 8. HP: 36/43 MP: 12/16
  6544 | D:5      | Found a basalt altar of Yredelemnul.
  6691 | D:5      | Reached skill level 5 in Stealth
  6851 | D:5      | Noticed Blork the orc
  6857 | D:5      | Killed Blork the orc
  6857 | D:5      | Reached ** piety under Okawaru
  6858 | D:5      | Reached XP level 9. HP: 33/47 MP: 15/17
  7046 | D:5      | Noticed Prince Ribbit
  7056 | D:5      | Killed Prince Ribbit
  7651 | D:6      | Reached *** piety under Okawaru
  8052 | D:6      | Reached skill level 10 in Stealth
  8124 | D:6      | Reached skill level 1 in Short Blades
  8496 | D:7      | You fall into a shaft and drop 3 floors!
  8496 | D:10     | Entered Level 10 of the Dungeon
  8520 | D:10     | Noticed a centaur warrior
  8524 | D:10     | Killed a centaur warrior
  8524 | D:10     | Reached **** piety under Okawaru
  8525 | D:10     | Reached XP level 10. HP: 52/52 MP: 18/18
  8570 | D:9      | Reached skill level 5 in Short Blades
  8643 | D:9      | Noticed a two-headed ogre
  8653 | D:9      | Killed a two-headed ogre
  8653 | D:9      | Received a gift from Okawaru
  8827 | D:9      | Gained mutation: You have sharp fingernails. [potion of
                  | mutation]
  8827 | D:9      | Gained mutation: You are clumsy. (Dex -2) [potion of
                  | mutation]
  8827 | D:9      | Gained mutation: Your mind is acute. (Int +2) [potion of
                  | mutation]
  8828 | D:9      | Lost mutation: Your mind is acute. (Int +2) [potion of
                  | mutation]
  8828 | D:9      | Lost mutation: You have sharp fingernails. [potion of
                  | mutation]
  8828 | D:9      | Lost mutation: You are clumsy. (Dex -2) [potion of
                  | mutation]
  8828 | D:9      | Gained mutation: Your flesh is cold resistant. (rC+)
                  | [potion of mutation]
  9104 | D:9      | Noticed a two-headed ogre
  9113 | D:9      | Killed a two-headed ogre
  9113 | D:9      | Reached ***** piety under Okawaru
  9532 | D:9      | Noticed a two-headed ogre
  9536 | D:9      | Killed a two-headed ogre
  9537 | D:9      | Reached skill level 10 in Short Blades
  9537 | D:9      | Reached skill level 1 in Evocations
  9537 | D:9      | Reached XP level 11. HP: 56/56 MP: 19/19
 10717 | D:8      | HP: 2/56 [something (5)]
 10884 | D:7      | Received a gift from Okawaru
 11252 | D:7      | Reached skill level 5 in Evocations
 11688 | D:7      | Killed by an exploding centaur zombie... ignited by their
                  | inner flame

Illustrated notes

Levels and vault maps discovered:
D:1:      evilmike_arrival_hilbert_curve, layout_basic,
          minmay_misc_feat_more_columns, minmay_pentomino_t4
D:2:      layout_loops_ring, shapermc_ecumenical_altar_notcrosses, basic_altar,
          hangedman_decor_opposing, uniq_robin
D:3:      layout_rooms, hangedman_decor_push
D:4:      layout_loops_ring, minmay_temple_entry_proselytizer, uniq_ijyb
D:5:      layout_rooms, lemuel_mausoleum_altar_yredelemnul, uniq_sigmund,
          uniq_prince_ribbit1, uniq_blork_the_orc, uniq_grinder
D:6:      layout_basic
D:7:      layout_basic, st_stairs_2, kennysheep_small_square
D:8:      layout_cave_pools, minmay_lizard_king
D:9:      layout_stronghold
D:10:     layout_cave_pools, hiddenorc1_lemuel
Temple:   mainiacjoe_temple_starburst

Skill      XL: |  1  2  3  4  5  6  7  8  9 10 11 |
---------------+----------------------------------+-----
Crossbows      | 3 4 |  4.1
Stealth        | 2 3 6 10 | 10.1
Fire Magic     | 8 |  8.0
Dodging        | 7 |  7.1
Spellcasting   | 5 |  5.6
Hexes          | 4 5 6 |  6.8
Short Blades   | 4 10 | 10.0
Evocations     | 1 6 |  6.3
Fighting       | |  1.1

Action                   |  1- 3 |  4- 6 |  7- 9 | 10-12 || total
-------------------------+-------+-------+-------+-------++-------
Melee: Dagger            |   217 |    75 |    72 |    51 ||   415
       Punch             |     5 |     1 |     4 |     1 ||    11
       Spear             |     3 |       |       |       ||     3
       Short sword       |       |       |    54 |    30 ||    84
       Rapier            |       |       |    17 |       ||    17
 Fire: Hand crossbow     |    58 |    27 |    20 |    28 ||   133
 Cast: Slow              |     5 |     1 |       |       ||     6
       Foxfire           |       |     9 |    66 |    66 ||   141
       Ensorcelled Hiber |       |     4 |     2 |     3 ||     9
       Inner Flame       |       |       |    12 |    27 ||    39
       Cause Fear        |       |       |     2 |       ||     2
       Conjure Flame     |       |       |     1 |       ||     1
Invok: Heroism           |       |       |       |     1 ||     1
Evoke: Wand              |       |       |       |     3 ||     3
  Use: Scroll            |     3 |     4 |     4 |     5 ||    16
       Potion            |     3 |     2 |       |     3 ||     8
 Stab: Sleeping          |    11 |    12 |    24 |     8 ||    55
       Distracted        |       |     2 |       |       ||     2
Armor: Robe              |    98 |    23 |    19 |       ||   140
       Steam dragon scal |       |       |     5 |    21 ||    26
Dodge: Dodged            |   317 |    97 |   181 |   146 ||   741
